[Event "*** Titled Tuesday Blitz"]
[Site "Chess.com"]
[Date "2019.03.05"]
[Round "5"]
[White "SimonKnightRivendell"]
[Black "politeplayer"]
[Result "0-1"]
[WhiteElo "2005"]
[BlackElo "2085"]
[TimeControl "180+2"]
[EndTime "14:09:41 PST"]
[Termination "politeplayer won by checkmate"]

1. Nf3 Nf6 2. g3 d5 3. Bg2 c5 4.
d3 Nc6 5. O-O e5 6. c3 h6 7.
Nbd2 Be6 8. Qc2 Be7 9. e4 d4 10. a4 Qd7 11. Rd1 O-O 12. Nc4 Bxc4 13. dxc4 Rfd8 14.
Ne1 Qe6 15. b3 dxc3 16. Rxd8+ Bxd8 17. Qxc3 Ba5 18. Qe3 Ng4 19. Qe2 Nd4 20. Qf1 Bxe1 21. Qxe1 Nc2 22. Qc3 Nxa1 23. Qxa1 Rd8 24. Bb2 Rd2 25. Bh3 h5 26. f3 Qd6 27. Bf1 Nxh2 28. Bxe5 Nxf3+ 29. Kh1 Rh2# 0-1

[Event "*** Titled Tuesday Blitz"]
[Site "Chess.com"]
[Date "2019.03.05"]
[Round "5"]
[White "Off-War"]
[Black "Korchmar_Vasiliy"]
[Result "0-1"]
[WhiteElo "2525"]
[BlackElo "2746"]
[TimeControl "180+2"]
[EndTime "14:09:45 PST"]
[Termination "Korchmar_Vasiliy won on time"]

1. e4 c5 2. Nf3 d6 3. Bb5+ Nd7 4. d4 cxd4 5. Qxd4 a6 6. Bxd7+ Bxd7 7. Nc3 e5 8. Qd3 h6 9. Nd5 Nf6 10. Nxf6+ Qxf6 11. c4 Rc8 12. b3 b5 13. Nd2 Be7 14. O-O O-O 15. Rd1 Qg6 16. Ba3 f5 17. Qg3 Qh5 18.
Qf3 Qg6 19. Qg3 Qf7 20. Nf3 f4 21. Nxe5 dxe5 0-1

[Event "*** Titled Tuesday Blitz"]
[Site "Chess.com"]
[Date "2019.03.05"]
[Round "5"]
[White "Mostii"]
[Black "2nd_life"]
[Result "0-1"]
[WhiteElo "2456"]
[BlackElo "2408"]
[TimeControl "180+2"]
[EndTime "14:09:45 PST"]
[Termination "2nd_life won on time"]

1. d4 Nf6 2. Nf3 e6 3. g3 b5 4.
Bg2 Bb7 5. O-O c5 6. b3 cxd4 7. Nxd4 Bxg2 8. Kxg2 Qb6 9. e3 Be7 10. Bb2 O-O 11. Nd2 d5 12. N2f3 Ne4 13. h4 Bf6 14. Nd2 Nxd2 15. Qxd2 Nc6 16. Nxc6 Bxb2 17. Rab1 Qxc6 18.
Rxb2 Rfc8 19. Rfb1 Qc3 20. Qxc3 Rxc3 21. a4 b4 22. Kf1 Rac8 23. Ke2 Rxc2+ 0-1

[Event "*** Titled Tuesday Blitz"]
[Site "Chess.com"]
[Date "2019.03.05"]
[Round "5"]
[White "Dare-Dare"]
[Black "orrbaverlekszarnyon"]
[Result "0-1"]
[WhiteElo "2095"]
[BlackElo "2168"]
[TimeControl "180+2"]
[EndTime "14:09:48 PST"]
[Termination "orrbaverlekszarnyon won by resignation"]

1. Nf3 c5 2. c4 Nf6 3. Nc3 g6 4. e3 Bg7 5. d4 cxd4 6. exd4 d5 7.
Bf4 Nc6 8. Nb5 Bg4 9. Nc7+ Kf8 10. Nxa8 Qxa8 11. Be2 h5 12. O-O Kg8 13. h3 Bxf3 14.
Bxf3 dxc4 15. Bxc6 bxc6 16. Qc2 Nd5 17. Be3 Kh7 18. Qxc4 Qb7 19. b3 Rd8 20. Rac1 Rd6 21. Rfd1 Qd7 22. Qa4 Qe6 23. Re1 Qd7 24. Rc5 e5 25. dxe5 Bxe5 26. Rcc1 Nxe3 27. Rxe3 Rd4 28. Qa3 Bf4 29. Re7 Rd1+ 0-1

[Event "*** Titled Tuesday Blitz"]
[Site "Chess.com"]
[Date "2019.03.05"]
[Round "5"]
[White "Andrew-FB00"]
[Black "NateSolon"]
[Result "0-1"]
[WhiteElo "1848"]
[BlackElo "2556"]
[TimeControl "180+2"]
[EndTime "14:09:49 PST"]
[Termination "NateSolon won by resignation"]

1. e4 c5 2. Nf3 d6 3. Bb5+ Nd7 4. d4 Nf6 5. Nc3 a6 6. Bxd7+ Nxd7 7. O-O e6 8. Re1 Be7 9. Be3 O-O 10. Qd2 b5 11. a3 Bb7 12. d5 e5 13. Ne2 f5 14. exf5 Rxf5 15. Ng3 Rf8 16. Ne4 Nb6 17. Nc3 Nc4 18.
Qc1 Qe8 19. b3 Nb6 20. Qd2 Qh5 21. Rad1 Rxf3 22. gxf3 Qxf3 23. Qe2 Qf7 24. Qg4 Nxd5 25. Nxd5 Bxd5 26. Rd2 Rf8 27. Red1 Bf3 28. Qg3 Bxd1 29. Rxd1 Qf3 0-1

[Event "*** Titled Tuesday Blitz"]
[Site "Chess.com"]
[Date "2019.03.05"]
[Round "5"]
[White "Vamostodorecto"]
[Black "Awentrap"]
[Result "1-0"]
[WhiteElo "2535"]
[BlackElo "2648"]
[TimeControl "180+2"]
[EndTime "14:09:53 PST"]
[Termination "Vamostodorecto won by checkmate"]

1. d4 Nf6 2. c4 g6 3. Nc3 d5 4.
Bg5 Bg7 5. Bxf6 Bxf6 6. cxd5 c6 7. dxc6 Bxd4 8. c7 Bxc3+ 9. bxc3 Qxc7 10. Qd2 Nd7 11. h4 Nf6 12. h5 Nxh5 13. Nf3 Bd7 14. Rh4 O-O-O 15. e3 Bc6 16. Qb2 e5 17. Rc4 f6 18. Nd2 Rd6 19. Ne4 Rdd8 20. Be2 f5 21. Nc5 Ng7 22. Rb1 Rhe8 23. Nxb7 Qxb7 24. Qxb7# 1-0

[Event "*** Titled Tuesday Blitz"]
[Site "Chess.com"]
[Date "2019.03.05"]
[Round "5"]
[White "MishkaFighter"]
[Black "RegZryt"]
[Result "1-0"]
[WhiteElo "2335"]
[BlackElo "2443"]
[TimeControl "180+2"]
[EndTime "14:09:54 PST"]
[Termination "MishkaFighter won by checkmate"]

1. d4 d5 2. c4 e6 3. Nf3 Nf6 4. g3 Be7 5. Bg2 O-O 6. O-O dxc4 7. Ne5 Nc6 8. Nxc6 bxc6 9. Na3 Bxa3 10. bxa3 Ba6 11.
Qd2 Rb8 12. Qa5 Qc8 13. Rd1 Rb6 14. a4 Rd8 15. Bg5 Rd5 16. Bxd5 cxd5 17. Bxf6 gxf6 18.
Rab1 f5 19. Qc5 Qd7 20. a5 Rc6 21. Qxa7 c3 22. Rb6 Bxe2 23. Qa8+ Kg7 24. Qxc6 Qe7 25. Re1 cxb6 26. Rxe2 bxa5 27. Qxc3 a4 28. Qe3 h6 29. Qe5+ Kg6 30. Rc2 Qb7 31. Rc7 Qb1+ 32. Kg2 Qxa2 33. Rc8 Qb3 34. Rg8+ Kh5 35. g4+ Kh4 36. Qg3+ Qxg3+ 37. fxg3# 1-0

[Event "*** Titled Tuesday Blitz"]
[Site "Chess.com"]
[Date "2019.03.05"]
[Round "5"]
[White "SerGo055"]
[Black "StanislavNovikov"]
[Result "1-0"]
[WhiteElo "2489"]
[BlackElo "2638"]
[TimeControl "180+2"]
[EndTime "14:09:56 PST"]
[Termination "SerGo055 won by resignation"]

1. d4 g6 2. Nf3 Bg7 3. c4 d6 4. Nc3 Nf6 5. Bg5 O-O 6. Qd2 c6 7. Bh6 Nbd7 8. h4 e5 9. h5 e4 10. hxg6 fxg6 11. Bxg7 Kxg7 12. Ng5 Qe8 13. Ngxe4 Qe7 14.
Ng5 Rh8 15. O-O-O h6 16. Nf3 d5 17. e3 a6 18. Kb1 b5 19. cxd5 cxd5 20. Bd3 Bb7 21. Ne2 Ne4 22. Qe1 b4 23. Nf4 a5 24.
Nh4 Nf8 25. Nfxg6 Nxg6 26. Nf5+ Kf6 27. Nxe7 Nxe7 28. f3 Nd6 29. Qh4+ Kf7 30. Qf4+ Ke6 31. Rxh6+ Rxh6 32. Qxh6+ Kd7 33. Qh3+ 1-0

[Event "*** Titled Tuesday Blitz"]
[Site "Chess.com"]
[Date "2019.03.05"]
[Round "5"]
[White "gunslinger222"]
[Black "tteshan"]
[Result "0-1"]
[WhiteElo "2177"]
[BlackElo "2210"]
[TimeControl "180+2"]
[EndTime "14:09:59 PST"]
[Termination "tteshan won by resignation"]

1. d4 d5 2. c4 dxc4 3. Nf3 Nf6 4.
e3 Bg4 5. Bxc4 e6 6. O-O a6 7.
a4 Bd6 8. Nc3 O-O 9. e4 e5 10.
dxe5 Bxf3 11. Qxf3 Bxe5 12. Rd1 Qe7 13. Bg5 Qc5 14.
Bb3 Bxc3 15. Qxc3 Qxg5 16. Qxc7 Nc6 17. Qxb7 Ne5 18. Qc7 Rac8 19. f4 Qxf4 20. Bxf7+ Kh8 0-1

[Event "*** Titled Tuesday Blitz"]
[Site "Chess.com"]
[Date "2019.03.05"]
[Round "5"]
[White "KyronGriffith"]
[Black "PaulfromSPb"]
[Result "0-1"]
[WhiteElo "2343"]
[BlackElo "2610"]
[TimeControl "180+2"]
[EndTime "14:10:00 PST"]
[Termination "PaulfromSPb won by resignation"]

1. e4 c5 2. Nf3 d6 3. d4 cxd4 4. Nxd4 Nf6 5. Nc3 a6 6. Bg5 Nbd7 7. f4 h6 8. Bh4 g6 9. Qe2 e5 10. Nf3 Qc7 11. fxe5 dxe5 12. O-O-O Bg7 13. g4 O-O 14. g5 hxg5 15. Bxg5 b5 16. h4 Bb7 17. Bh3 b4 18.
Nd5 Nxd5 19. exd5 e4 20. Qxe4 b3 21. axb3 Nc5 22. Qc4 Qa5 23. Kb1 Qb6 24. Be3 Qf6 25. Bd4 Qxf3 26. Bxg7 Kxg7 27. Qxc5 Rfd8 28. h5 Rxd5 29.
h6+ Kh7 30. Qg1 Rxd1+ 31. Qxd1 Qxh1 0-1

[Event "*** Titled Tuesday Blitz"]
[Site "Chess.com"]
[Date "2019.03.05"]
[Round "5"]
[White "tomozupan"]
[Black "Lennis93"]
[Result "0-1"]
[WhiteElo "2215"]
[BlackElo "2233"]
[TimeControl "180+2"]
[EndTime "14:10:00 PST"]
[Termination "Lennis93 won by resignation"]

1. d4 Nf6 2. Bg5 Ne4 3. Bf4 c5 4. f3 Qa5+ 5. c3 Nf6 6. d5 Qb6 7. Bc1 e6 8. e4 exd5 9. e5 Qe6 10. Qe2 Ng8 11. g3 Nc6 12. f4 d6 13. Bh3 Qe7 14.
Bxc8 Rxc8 15. exd6 Qxe2+ 16. Nxe2 Bxd6 17. Nd2 Nge7 18. Nf3 O-O 19. O-O Rfe8 20. Rd1 Rcd8 21. Kf1 Bc7 22.
Be3 b6 23. Bf2 f6 24. Rd2 Rd7 25. Rad1 Red8 26. h3 h5 27. Nh4 a5 28. a4 Kf7 29. f5 Ne5 30. Nf4 Nc4 31. Re2 Bxf4 32. gxf4 Nd6 33. b4 axb4 34. cxb4 d4 35. bxc5 bxc5 36.
Rc2 Rc8 37. Rdc1 Ne4 38. a5 d3 39. Rc4 Nd2+ 40. Kg2 Nxc4 41. Rxc4 d2 0-1

[Event "*** Titled Tuesday Blitz"]
[Site "Chess.com"]
[Date "2019.03.05"]
[Round "5"]
[White "DACF2905"]
[Black "XiaoKangZhong"]
[Result "1-0"]
[WhiteElo "2076"]
[BlackElo "2099"]
[TimeControl "180+2"]
[EndTime "14:10:02 PST"]
[Termination "DACF2905 won by resignation"]

1. e4 c5 2. Nf3 e6 3. d4 cxd4 4. Nxd4 Nc6 5. Nc3 Qc7 6. Be3 a6 7. Be2 Nf6 8. O-O Be7 9. Kh1 d6 10. f4 O-O 11. Qd2 Nxd4 12. Bxd4 b5 13. Bf3 Bb7 14.
a3 Rad8 15. Qf2 Qc4 16. Rad1 b4 17. Be2 Qc6 18. axb4 Nxe4 19. Nxe4 Qxe4 20. Bf3 Qxf4 21. Bxb7 Qxf2 22. Rxf2 Rb8 23. Bxa6 Rxb4 24. b3 Ra8 25. Bd3 d5 26. Bc3 Rb5 27. Bxb5 Rb8 28. Bd3 Rc8 29.
Bb2 Bc5 30. Rff1 f6 31. g3 Rd8 32. Kg2 e5 33. Bf5 d4 34. c3 g6 35. Be6+ Kg7 36. cxd4 exd4 37. Bc4 Rd6 38. Rf4 g5 39. Rfxd4 Bxd4 40. Rxd4 1-0

[Event "*** Titled Tuesday Blitz"]
[Site "Chess.com"]
[Date "2019.03.05"]
[Round "5"]
[White "BASSU1"]
[Black "OparinGrigoriy"]
[Result "0-1"]
[WhiteElo "2084"]
[BlackElo "2967"]
[TimeControl "180+2"]
[EndTime "14:10:12 PST"]
[Termination "OparinGrigoriy won by checkmate"]

1. e4 c6 2. d4 d5 3. Nc3 dxe4 4. Nxe4 Nf6 5. Nxf6+ exf6 6. Nf3 Bd6 7. c3 O-O 8. Be2 Re8 9. O-O Bg4 10. Be3 Nd7 11.
h3 Bh5 12. Bd3 Nf8 13. Re1 Qd7 14. g4 Bg6 15. Nh4 Bxd3 16. Qxd3 g6 17. Ng2 Ne6 18.
f4 Rad8 19. f5 Nc5 20. Qf1 Ne4 21. Bf4 c5 22. Qd3 Bxf4 23. Nxf4 gxf5 24. Re2 cxd4 25. gxf5 Qxf5 26. Rf1 dxc3 27. Qf3 Ng5 28. Qxc3 Rxe2 29.
Nxe2 Qxh3 30. Qxf6 Qg4+ 31. Kh1 Re8 32. Nf4 Qh4+ 33. Kg2 h6 34. a3 Re3 35. Rf2 Rg3+ 36.
Kf1 Qh1+ 37. Ke2 Qe4+ 38. Kf1 Qb1+ 39. Ke2 Qc2+ 40. Ke1 Qc1+ 41. Ke2 Re3# 0-1

[Event "*** Titled Tuesday Blitz"]
[Site "Chess.com"]
[Date "2019.03.05"]
[Round "5"]
[White "saraswathii"]
[Black "andy_rekt"]
[Result "1-0"]
[WhiteElo "2268"]
[BlackElo "2189"]
[TimeControl "180+2"]
[EndTime "14:10:12 PST"]
[Termination "saraswathii won by resignation"]

1. d4 Nf6 2. Bf4 e6 3. e3 c5 4. c3 Nc6 5. Nf3 d5 6. Nbd2 cxd4 7. exd4 Nh5 8. Bg3 Nxg3 9. hxg3 Bd6 10. Bd3 h6 11. Qe2 O-O 12. O-O-O a6 13. Kb1 b5 14. g4 b4 15. c4 dxc4 16. Nxc4 Be7 17. Qe4 f5 18. Qxc6 Bd7 19. Qb6 fxg4 20. Nfe5 Rxf2 21. Nxd7 Qxd7 22. d5 Rxg2 23. Be4 Re2 24. dxe6 Qc8 25. Bxa8 Qxc4 26. Qc6 Qf4 27. Qe8+ Bf8 28.
Rhf1 Rf2 29. Rxf2 Qxf2 30. e7 Qf5+ 31. Ka1 h5 32. exf8=Q+ Qxf8 33. Bd5+ 1-0

[Event "*** Titled Tuesday Blitz"]
[Site "Chess.com"]
[Date "2019.03.05"]
[Round "5"]
[White "NemtsevIgor"]
[Black "pedro_gines"]
[Result "1-0"]
[WhiteElo "2344"]
[BlackElo "2406"]
[TimeControl "180+2"]
[EndTime "14:10:12 PST"]
[Termination "NemtsevIgor won by checkmate"]

1. d4 d5 2. e4 dxe4 3. Be3 Nf6 4. f3 Bf5 5. Nc3 e6 6. fxe4 Nxe4 7. Nf3 Bb4 8. a3 Nxc3 9. Qd2 Nd5 10. axb4 Nxe3 11. Qxe3 Bxc2 12. Bc4 O-O 13. O-O Nc6 14. b5 Ne7 15.
Kh1 Nd5 16. Qf2 Bg6 17. Ne5 Qh4 18. Qxh4 Ne3 19. Rf3 Nxc4 20. Nxc4 Rfd8 21. Ne5 Rd5 22. Nxg6 hxg6 23. Raf1 Rf8 24. Qe7 Rxb5 25. Rxf7 Rxf7 26. Qxf7+ Kh7 27. Qxe6 Rxb2 28. h3 a5 29. Rf8 a4 30.
h4 Kh6 31. Rh8# 1-0

[Event "*** Titled Tuesday Blitz"]
[Site "Chess.com"]
[Date "2019.03.05"]
[Round "5"]
[White "W_Amadeus"]
[Black "JosefineHeinemann"]
[Result "1-0"]
[WhiteElo "2627"]
[BlackElo "2393"]
[TimeControl "180+2"]
[EndTime "14:10:13 PST"]
[Termination "W_Amadeus won by resignation"]

1. e4 c5 2. Nf3 d6 3. Bb5+ Bd7 4. Bxd7+ Qxd7 5. c4 Nf6 6. Nc3 g6 7. d4 cxd4 8. Nxd4 Bg7 9. f3 O-O 10. Be3 Nc6 11. O-O Qc7 12. Rc1 Qa5 13. Qd2 Rfc8 14. b3 a6 15. Nxc6 bxc6 16. Rfd1 Qc7 17. Na4 c5 18. e5 Ne8 19. exd6 exd6 20. Nc3 Qb7 21. Nd5 a5 22. Bh6 a4 23. Bxg7 Kxg7 24. Qc3+ f6 25. Re1 Rc7 26. Nxc7 Qxc7 27. Qe3 axb3 28. axb3 Kf7 29.
Qe6+ Kf8 30. Rcd1 Rd8 31. Ra1 h5 32. Ra6 Qb7 33. Rea1 Rd7 34. Ra8 Re7 35. Qxf6+ Rf7 36. Qh8+ 1-0

[Event "*** Titled Tuesday Blitz"]
[Site "Chess.com"]
[Date "2019.03.05"]
[Round "5"]
[White "Hikaru"]
[Black "JonahWillow"]
[Result "1-0"]
[WhiteElo "3130"]
[BlackElo "2667"]
[TimeControl "180+2"]
[EndTime "14:10:21 PST"]
[Termination "Hikaru won by resignation"]

1. Nf3 c5 2. b3 d6 3. Bb2 e5 4. e3 Nc6 5. Bb5 Nf6 6. O-O Be7 7. Bxc6+ bxc6 8. d3 O-O 9. h3 h6 10. c4 Re8 11. Nc3 Bf8 12. Ne2 a5 13. Ng3 a4 14.
Nd2 Bd7 15. Qc2 Qb6 16. Bc3 d5 17. Rab1 axb3 18. axb3 Ra3 19. Qb2 Qa6 20. Ra1 Ra8 21. Bxe5 Be7 22. Rxa3 Qxa3 23. Ra1 Qxa1+ 24. Qxa1 Rxa1+ 25. Bxa1 Ne8 26. Nf3 f6 27. Ne2 Kf7 28. Nc3 Ke6 29.
Na4 Nc7 30. Bb2 Na6 31. Ba3 Nb4 32. Bxb4 cxb4 33. Nd4+ Kd6 34. c5+ Kc7 35. Nc2 d4 36. Nxd4 Be8 37. Ne6+ Kd7 38. Nxg7 Bf7 39. Nb6+ Kc7 40.
Nc4 Bxc5 41. Nf5 h5 42. Kf1 Bf8 43. e4 Be6 44. f3 1-0

[Event "*** Titled Tuesday Blitz"]
[Site "Chess.com"]
[Date "2019.03.05"]
[Round "5"]
[White "alpasya2009"]
[Black "Supernotar"]
[Result "1-0"]
[WhiteElo "2556"]
[BlackElo "2527"]
[TimeControl "180+2"]
[EndTime "14:10:39 PST"]
[Termination "alpasya2009 won by checkmate"]

1. d4 d5 2. c4 dxc4 3. e3 Nf6 4. Bxc4 e6 5. Nf3 a6 6. O-O b5 7. Bd3 Bb7 8. a4 b4 9. Nbd2 Nbd7 10. e4 Be7 11. e5 Nd5 12. Nc4 c5 13. Bg5 O-O 14. Bxe7 Qxe7 15. Nd6 Rfb8 16. Qc2 cxd4 17. Bxh7+ Kh8 18.
Rfe1 b3 19. Qe4 Nf8 20. Ng5 g6 21. Ndxf7+ Kg7 22. Qh4 Qxf7 23. Nxf7 Kxf7 24. Rad1 Kg7 25. Rxd4 Nxh7 26. Qg4 Re8 27. Re3 Rac8 28. h4 Rc1+ 29. Kh2 Nxe3 30. Rd7+ Kh8 31. Qxg6 Nf1+ 32. Kh3 Bxg2+ 33.
Kg4 Rg8 34. Rxh7# 1-0

[Event "*** Titled Tuesday Blitz"]
[Site "Chess.com"]
[Date "2019.03.05"]
[Round "5"]
[White "therealtrader"]
[Black "Indianlad"]
[Result "1-0"]
[WhiteElo "2677"]
[BlackElo "2982"]
[TimeControl "180+2"]
[EndTime "14:10:41 PST"]
[Termination "therealtrader won on time"]

1. d4 Nf6 2. c4 e6 3. Nf3 d5 4.
Nc3 a6 5. cxd5 exd5 6. Bg5 Be6 7. e3 Nbd7 8. Bd3 Bd6 9. Bf4 Qe7 10. O-O O-O 11. h3 c6 12. Re1 g6 13. Bg5 Qd8 14. Rb1 Re8 15. b4 Be7 16. Bf4 Nh5 17. Bh2 Ng7 18. Na4 Bf5 19. Nc5 b5 20. Ne5 Nxe5 21.
Bxe5 Bxc5 22. bxc5 Bxd3 23. Qxd3 f6 24. Bf4 Qd7 25.
a4 Ne6 26. Bd6 Ng5 27. Ra1 Ne4 28. Bh2 Ng5 29. h4 Nf7 30. h5 Kg7 31. Ra2 Qg4 32. hxg6 1-0

[Event "*** Titled Tuesday Blitz"]
[Site "Chess.com"]
[Date "2019.03.05"]
[Round "5"]
[White "Koksik_13"]
[Black "DrVitman"]
[Result "1-0"]
[WhiteElo "2644"]
[BlackElo "2645"]
[TimeControl "180+2"]
[EndTime "14:10:43 PST"]
[Termination "Koksik_13 won on time"]

1. e4 c5 2. Nf3 Nc6 3. c3 e6 4.
d4 d5 5. exd5 exd5 6. Bb5 Bd6 7.
O-O Ne7 8. dxc5 Bxc5 9. Nbd2 O-O 10. Nb3 Bd6 11. Re1 Bg4 12. Be2 Qc7 13. h3 Bh5 14. Nfd4 Bxe2 15. Qxe2 a6 16. Be3 Ne5 17. Rad1 Nc4 18.
Bc1 Rfe8 19. Nd2 b5 20. Nxc4 dxc4 21. Qe4 h6 22. Re2 Bc5 23. Rde1 Red8 24. Bf4 Qd7 25. Be3 Qd5 26. Qg4 Qd7 27. Qg3 Bxd4 28. Bxd4 Nf5 29. Qf4 Nxd4 30. cxd4 Re8 31. Rxe8+ Rxe8 32. Rxe8+ Qxe8 33. d5 Qd7 34. d6 f6 35.
Qd4 Kf7 36. Qd5+ Kg6 37. g4 a5 38. Qh5+ Kh7 39. Qf5+ Qxf5 40. gxf5 1-0

[Event "*** Titled Tuesday Blitz"]
[Site "Chess.com"]
[Date "2019.03.05"]
[Round "5"]
[White "BillForster"]
[Black "GremioPrudente"]
[Result "1/2-1/2"]
[WhiteElo "1732"]
[BlackElo "2066"]
[TimeControl "180+2"]
[EndTime "14:10:44 PST"]
[Termination "Game drawn by agreement"]

1. d4 d5 2. c3 Nf6 3. Nf3 Bf5 4. Qb3 Bc8 5. e3 c6 6. Bd3 Qb6 7. Qc2 Bg4 8. Nbd2 e6 9. h3 Bxf3 10. Nxf3 Nbd7 11. O-O Bd6 12. Bd2 O-O 13. Rae1 Rad8 14. Bc1 Qc7 15. Nd2 h6 16. e4 dxe4 17. Nxe4 Nxe4 18.
Bxe4 Nf6 19. Bd3 Bh2+ 20. Kh1 Bf4 21. Be3 Nd5 22. Qe2 Nxe3 23. fxe3 Bg3 24. Rd1 Bd6 25. e4 e5 26. Qg4 Qd7 27. Qh5 Qe6 28. Rf3 Qg6 29.
Qxg6 fxg6 30. Rdf1 exd4 1/2-1/2

[Event "*** Titled Tuesday Blitz"]
[Site "Chess.com"]
[Date "2019.03.05"]
[Round "5"]
[White "Blitzstream"]
[Black "GrigorGrigorov"]
[Result "0-1"]
[WhiteElo "2570"]
[BlackElo "2828"]
[TimeControl "180+2"]
[EndTime "14:10:48 PST"]
[Termination "GrigorGrigorov won by resignation"]

1. d4 Nf6 2. Bg5 e6 3. e4 h6 4.
Bxf6 Qxf6 5. c3 d5 6. Nd2 c5 7. Ngf3 Nc6 8. Bb5 cxd4 9. Nxd4 Bd7 10. O-O a6 11. Qa4 Rc8 12. Bxc6 bxc6 13. Qxa6 Be7 14.
N4f3 O-O 15. e5 Qg6 16. b4 c5 17. b5 Qd3 18. a4 Qxc3 19. b6 c4 20. Qb7 Rfd8 21. a5 Bc5 22. Rfb1 Bc6 23. Qa7 Ra8 24.
Qc7 Rdc8 25. b7 Rxc7 26. bxa8=Q+ Bxa8 0-1

[Event "*** Titled Tuesday Blitz"]
[Site "Chess.com"]
[Date "2019.03.05"]
[Round "5"]
[White "MatBobula"]
[Black "salomez"]
[Result "1-0"]
[WhiteElo "2288"]
[BlackElo "2101"]
[TimeControl "180+2"]
[EndTime "14:10:50 PST"]
[Termination "MatBobula won on time"]

1. d4 g6 2. c4 Bg7 3. Nf3 d6 4. g3 e6 5. Bg2 Ne7 6. O-O O-O 7. Nc3 Nd7 8. e4 b6 9. Be3 Bb7 10. Qc2 a6 11. Rad1 Qb8 12. Rfe1 h6 13. Nd2 Qa7 14. f4 Rad8 15. Nf3 f5 16. e5 dxe5 17. dxe5 Qa8 18. Qf2 c5 19. Rd6 Nc8 20. Rxe6 Kf7 21. Nd5 Kxe6 22. Nc7+ Ke7 23. Nxa8 Bxa8 24. Nh4 Bxg2 25.
Qxg2 1-0

[Event "*** Titled Tuesday Blitz"]
[Site "Chess.com"]
[Date "2019.03.05"]
[Round "5"]
[White "VeraNebolsina"]
[Black "Rashad_Zeynalli"]
[Result "0-1"]
[WhiteElo "2342"]
[BlackElo "2402"]
[TimeControl "180+2"]
[EndTime "14:10:51 PST"]
[Termination "Rashad_Zeynalli won by resignation"]

1. e4 d6 2. d4 Nf6 3. Nc3 g6 4. Nf3 Bg7 5. Bd3 O-O 6. O-O Nc6 7. h3 e5 8. Be3 Nh5 9. Ne2 f5 10. Bc4+ Kh8 11. exf5 gxf5 12. dxe5 dxe5 13. Qxd8 Nxd8 14. Bc5 Re8 15. Rad1 Be6 16. Bxe6 Nxe6 17. Be3 Rad8 18. Ng5 Nxg5 19. Bxg5 Rd6 20. Rxd6 cxd6 21. Nc3 e4 22. Rd1 Bxc3 23. bxc3 Re6 24. g4 fxg4 25. hxg4 Rg6 26. gxh5 Rxg5+ 27. Kf1 d5 28. c4 dxc4 29. Rd7 Rxh5 30.
Rxb7 Ra5 31. Rc7 Ra4 32. Ke2 h5 33. Ke3 h4 34. Kxe4 h3 35. Rc5 c3+ 36. Ke3 Rh4 37.
Rb5 h2 0-1

[Event "*** Titled Tuesday Blitz"]
[Site "Chess.com"]
[Date "2019.03.05"]
[Round "5"]
[White "1stSecond"]
[Black "SantoBlue"]
[Result "1-0"]
[WhiteElo "2754"]
[BlackElo "2712"]
[TimeControl "180+2"]
[EndTime "14:10:55 PST"]
[Termination "1stSecond won by resignation"]

1. c4 Nf6 2. Nf3 b6 3. g3 Bb7 4. Bg2 g6 5. d4 Bg7 6. O-O O-O 7. Nc3 e6 8. Bf4 d6 9. Qc1 Re8 10. Bh6 Bh8 11. Rd1 Nbd7 12. Qf4 Qe7 13. Qh4 Rad8 14.
Nb5 Nf8 15. Bg5 Rd7 16. Ne5 dxe5 17. Bxb7 exd4 18. Bc6 a6 19. Bxd7 N8xd7 20. Nxd4 Qc5 21. Nf3 b5 22. cxb5 Qxb5 23. Rd2 Nd5 24. Rad1 f6 25. Bh6 Qc6 26. Nd4 Qb6 27. Nxe6 Qxe6 28. Rxd5 Nb6 29. Rd8 Qxe2 30. Rxe8+ Qxe8 31. Be3 f5 32. Rd8 1-0

[Event "*** Titled Tuesday Blitz"]
[Site "Chess.com"]
[Date "2019.03.05"]
[Round "5"]
[White "Gr3egor"]
[Black "Sashadav97"]
[Result "1-0"]
[WhiteElo "2518"]
[BlackElo "2630"]
[TimeControl "180+2"]
[EndTime "14:11:03 PST"]
[Termination "Gr3egor won by resignation"]

1. d4 Nf6 2. c4 e6 3. Nf3 d5 4. Nc3 dxc4 5. e4 Bb4 6. Bxc4 Nxe4 7. O-O Nf6 8. Qa4+ Nc6 9. Ne5 Rb8 10. d5 exd5 11. Nxd5 Nxd5 12. Nxc6 bxc6 13. Qxc6+ Qd7 14. Qxd5 Qxd5 15. Bxd5 O-O 16. Bf4 Ba5 17. b3 Bg4 18. Rac1 Be2 19. Rfe1 Bb4 20. Rxe2 Rbd8 21. Bc4 c5 22. g3 h6 23. Re7 a5 24. Kg2 g5 25.
Be3 Kg7 26. Rc7 Rc8 27. Rxc8 Rxc8 28. Rd1 Rc7 29. Rd6 f6 30. Bb5 Rc8 31. Rd7+ Kf8 32. Rh7 Rd8 33. Rh8+ Ke7 34. Rxd8 Kxd8 35. Kf3 Kc7 36. Ke4 Kd6 37. Kf5 Ke7 38. Bc4 h5 39. h3 Ba3 40. Bd2 Bb2 41. Bxa5 Bd4 42. Bb6 Bxf2 43. g4 hxg4 44. hxg4 Kd6 45. Kxf6 Kc6 46.
Ba5 Be3 47. a4 Bc1 48. Kf5 Kd7 49. Bb6 Kd6 50. Bd8 Kc6 51. Bxg5 1-0

[Event "*** Titled Tuesday Blitz"]
[Site "Chess.com"]
[Date "2019.03.05"]
[Round "5"]
[White "b_6"]
[Black "Chessmatus"]
[Result "1-0"]
[WhiteElo "2428"]
[BlackElo "2294"]
[TimeControl "180+2"]
[EndTime "14:11:05 PST"]
[Termination "b_6 won by checkmate"]

1. d4 Nf6 2. Bf4 e6 3. e3 c5 4. c3 d5 5. Nd2 Nc6 6. Ngf3 cxd4 7. exd4 Nh5 8. Be3 Bd6 9. Ne5 g6 10. g4 Ng7 11. h4 Nxe5 12. dxe5 Bxe5 13. Nf3 Bf6 14. h5 O-O 15. g5 Be7 16. hxg6 fxg6 17. Be2 Nf5 18. Qd2 Nxe3 19. Qxe3 Rf5 20. Rg1 Bd6 21.
Bd3 Rf7 22. Ne5 Bxe5 23. Qxe5 Qb6 24. O-O-O Bd7 25. Bxg6 hxg6 26. Rh1 Rg7 27. Rh2 Rf8 28. Rdh1 Rf5 29. Rh8+ Kf7 30. Qxg7+ Kxg7 31. R1h7# 1-0

[Event "*** Titled Tuesday Blitz"]
[Site "Chess.com"]
[Date "2019.03.05"]
[Round "5"]
[White "KRASAVCHIK2002"]
[Black "PocketPivot"]
[Result "0-1"]
[WhiteElo "2314"]
[BlackElo "2501"]
[TimeControl "180+2"]
[EndTime "14:11:06 PST"]
[Termination "PocketPivot won by resignation"]

1. Nf3 Nf6 2. e3 c5 3. b3 g6 4.
Bb2 Bg7 5. d4 cxd4 6. exd4 d5 7.
Bd3 O-O 8. O-O Nc6 9. a3 Ne4 10. h3 Bf5 11. Nbd2 Nxd2 12. Qxd2 Bxd3 13. Qxd3 e6 14.
Rac1 Rc8 15. c4 dxc4 16. bxc4 Qd6 17. Rfd1 Rfd8 18. Qb3 Na5 19. Qb5 Qb6 20. a4 Nxc4 21. Rxc4 Rxc4 22. Qxc4 Qxb2 23. Qc7 Qb6 24. Qxb6 axb6 25.
Rb1 Rd6 26. Kf1 Kf8 27. Ke2 Ke7 28. Ke3 Kd7 29. a5 Kc7 30. axb6+ Rxb6 31. Rxb6 Kxb6 32. Ng5 Bh6 0-1

[Event "*** Titled Tuesday Blitz"]
[Site "Chess.com"]
[Date "2019.03.05"]
[Round "5"]
[White "champ2005"]
[Black "albi1999"]
[Result "1-0"]
[WhiteElo "2780"]
[BlackElo "2431"]
[TimeControl "180+2"]
[EndTime "14:11:10 PST"]
[Termination "champ2005 won by resignation"]

1. e4 e5 2. Nc3 Nf6 3. g3 d5 4.
exd5 c6 5. dxc6 Nxc6 6. Bg2 Bg4 7. Nge2 Nd4 8. O-O Bc5 9. d3 Qd7 10. Kh1 h5 11. f3 Bh3 12. Bg5 Bxg2+ 13. Kxg2 h4 14. Rh1 Qf5 15. Nxd4 h3+ 16. Kf1 exd4 17. Bxf6 dxc3 18. Bxg7 Rg8 19. Bxc3 O-O-O 20. d4 Rge8 21. Qd3 Qxd3+ 22. cxd3 Bxd4 23. Bxd4 Rxd4 24. Rd1 Re3 25. Kf2 Rdxd3 26. Rxd3 Rxd3 27. Rc1+ Kd7 28. Ke2 Rd6 29. Rd1 Rxd1 30. Kxd1 Kd6 31. Ke2 Kd5 32.
Ke3 Kc4 33. g4 a5 34. Ke4 b5 35. f4 b4 36. g5 a4 37. f5 a3 38. bxa3 bxa3 39. g6 fxg6 40. fxg6 Kc3 41. g7 Kb2 42. g8=Q 1-0